 Dungeon Crawl Stone Soup version 0.30-a0-618-gd6c86c2 (webtiles) character file.

Game seed: 9670634199539415266

362 malesh the Chiller (level 6, -13/41 HPs)
             Began as a Merfolk Ice Elementalist on Jan 9, 2023.
             Mangled by an ogre
             ... wielding a +0 giant club
              (21 damage)
             ... on level 4 of the Dungeon.
             The game lasted 00:20:02 (4663 turns).

malesh the Chiller (Merfolk Ice Elementalist)       Turns: 4663, Time: 00:20:02

Health: -13/41     AC: 12    Str:  8    XL:     6   Next: 66%
Magic:  10/21      EV: 13    Int: 16    God:
Gold:   199        SH:  0    Dex: 15    Spells: 2/13 levels left

rFire   . . .      SeeInvis .    (no weapon)
rCold   . . .      Faith    .    (no shield)
rNeg    . . .      Spirit   .    a - +0 robe
rPois   .          Reflect  .    t - +2 helmet
rElec   .          Harm     .    o - +0 cloak
rCorr   .          Rampage  .    (no gloves)
Will    .....                    (no boots)
Stlth   ++                       (no amulet)
HPRegen 0.26/turn                c - ring of magical power
MPRegen 0.17/turn                (no ring)

@: lethally poisoned (-13 -> -16), ice-armoured, very slightly contaminated
A: (nimble swimmer 2), mertail, evolution 1
a: no special abilities


You were on level 4 of the Dungeon.
You visited 1 branch of the dungeon, and saw 4 of its levels.
You also visited: Sewer.

You collected 199 gold pieces.

Inventory:

Missiles
 i - a throwing net
Armour
 a - a +0 robe (worn)
 o - a +0 cloak (worn)
 t - a +2 helmet (worn)
Jewellery
 c - a ring of magical power (left hand)
Scrolls
 e - 2 scrolls of fear
 f - a scroll of amnesia {unknown}
 g - a scroll of blinking {unknown}
 j - a scroll of enchant weapon {unknown}
 k - a scroll of butterflies {unknown}
 l - 3 scrolls of brand weapon {unknown}
 m - a scroll of teleportation {unknown}
 n - 2 scrolls of silence
 s - 2 scrolls of vulnerability
 u - a scroll of fog {unknown}
 v - a scroll of identify
 w - 2 scrolls of noise {unknown}
Potions
 b - 4 potions of magic
 d - a potion of flight {unknown}
 h - a potion of attraction {unknown}
 p - a potion of curing {unknown}
 q - a potion of berserk rage {unknown}
 r - 2 potions of mutation
 x - a potion of invisibility {unknown}
 z - a potion of haste {unknown}
 A - a potion of brilliance {unknown}
 B - a potion of resistance {unknown}
 C - a potion of heal wounds {unknown}


   Skills:
 + Level 0.2 Fighting
 + Level 3.0 Dodging
 + Level 2.7 Stealth
 + Level 4.3 Spellcasting
 + Level 6.7 Ice Magic


You had 2 spell levels left.
You knew the following spells:

 Your Spells              Type           Power      Damage    Failure   Level
a - Freeze                Ice            100%       1d10      1%          1
b - Frozen Ramparts       Ice            50%        1d8       3%          3
c - Ozocubu's Armour      Ice            25%        N/A       3%          3
d - Summon Ice Beast      Ice/Summ       14%        N/A       38%         4

Your spell library contained the following spells:

 Spells                   Type           Power      Damage    Failure   Level
 Shock                    Conj/Air       12%        1d3       16%         1
 Swiftness                Air            3%         N/A       43%         3
 Airstrike                Air            1%         2d(1-17)  85%         4


Dungeon Overview and Level Annotations

Branches:
Dungeon (4/15)              Sewer (visited)
 Temple: D:4-7

Altars:

Shops:
D:2 =

Annotations:
D:4 Pikel


Innate Abilities, Weirdness & Mutations

((You are very nimble when in or above water. (Stealth+, EV+, Speed+++)))
Your lower body shifts to a powerful aquatic tail in water.
You have hidden genetic potential.


Message History

You feel very sick.
The wall freezes the ogre.
The ogre hits you with a +0 giant club!
You are too injured to fight recklessly!
Casting: Freeze (safe; 1% risk of failure)
Confirm with . or Enter, or press ? or * to list all spells.
Okay, then.
Unknown command.
Casting: Freeze (safe; 1% risk of failure)
Confirm with . or Enter, or press ? or * to list all spells.
You miscast Ozocubu's Armour.
You are very lightly contaminated with residual magic.
Nothing appears to happen.
You feel sick.
The wall freezes the ogre!
The ogre closely misses you.
Casting: Ozocubu's Armour (dangerous; 3% risk of failure)
Confirm with . or Enter, or press ? or * to list all spells.
A film of ice covers your body!
You feel sick.
The wall freezes the orc.
You kill the orc!
The wall freezes the orc.
It was a potion of mutation.
You feel extremely strange.
You feel a hidden potential growing inside you.
You feel sick.
The wall freezes the ogre.
The ogre closely misses you.
The wall freezes the orc.
Okay, then.
Unknown command.
Casting: Ozocubu's Armour (dangerous; 3% risk of failure)
Confirm with . or Enter, or press ? or * to list all spells.
Okay, then.
Unknown command.
Unknown command.
Casting: Ozocubu's Armour (dangerous; 3% risk of failure)
Confirm with . or Enter, or press ? or * to list all spells.
Aiming: Freeze (safe; 1% risk of failure)
Press: ? - help, Shift-Dir - straight line, f/p - ogre
Aim: an ogre, wielding a +0 giant club (almost dead)
You freeze the ogre.
The ogre is almost dead.
The frozen ramparts melt away.
You feel sick.
The ogre hits you with a +0 giant club!!
Ouch! That really hurt!
You die...

#.##..#...#.
#.##.~###### #
##.##~~~###.. .#
...#.####...#~..##~..
................#~≈#≈.≈#
.......###.#...##.≈#≈.≈#
..... #.##.###.≈#≈.≈#
.....J####.##.# #÷≈#≈.≈#
.....oO@...##.. #~≈#≈~≈#
.....)###.......#.≈#≈.≈#
>.... ##.######~~.÷~##
.... ..# ##~..## ... ###
##### #. .


You could see an ogre, an orc and an endoplasm.

Vanquished Creatures
  A lemure (D:3)
  A kobold brigand (Sewer)
  A hound (D:2)
  6 adders
  8 river rats (Sewer)
  A worm (D:3)
  3 dart slugs
  4 orcs (D:4)
  12 ball pythons
  8 endoplasms
  4 giant cockroaches
  5 goblins
  6 hobgoblins
  8 jackals
  6 quokkas (D:4)
  4 bats
  4 frilled lizards
  25 kobolds
  26 rats
133 creatures vanquished.

Notes
Turn   | Place    | Note
-------+----------+-------------------------------------------
     0 | D:1      | malesh the Merfolk Ice Elementalist began the quest for the
                  | Orb.
     0 | D:1      | Reached XP level 1. HP: 13/13 MP: 3/3
   327 | D:1      | Reached XP level 2. HP: 18/19 MP: 5/5
   916 | D:1      | Reached skill level 5 in Ice Magic
  1021 | D:2      | Found Maiwn's Jewellery Boutique.
  1023 | D:2      | Reached XP level 3. HP: 21/24 MP: 6/6
  1208 | D:2      | Reached XP level 4. HP: 30/30 MP: 8/8
  1500 | D:2      | Learned a level 3 spell: Frozen Ramparts
  1504 | D:2      | Learned a level 3 spell: Ozocubu's Armour
  2340 | D:3      | Reached XP level 5. HP: 35/35 MP: 9/9
  3605 | D:4      | Noticed Pikel
  3605 | D:4      | Noticed a lemure
  3605 | D:4      | Noticed a lemure
  3605 | D:4      | Noticed a lemure
  3605 | D:4      | Noticed a lemure
  3613 | D:3      | Killed a lemure
  3719 | D:4      | Found a glowing drain.
  3830 | Sewer    | Entered a sewer
  3986 | Sewer    | Reached skill level 6 in Ice Magic
  4217 | Sewer    | Reached XP level 6. HP: 37/41 MP: 9/12
  4630 | Sewer    | Learned a level 4 spell: Summon Ice Beast
  4662 | D:4      | Gained mutation: You have hidden genetic potential. [potion
                  | of mutation]
  4663 | D:4      | Mangled by an ogre

Illustrated notes

Levels and vault maps discovered:
D:1:      beargit_arrival_greenhouse, layout_basic
D:2:      cheibrodos_old_hovel, layout_basic, serial_shops,
          nicolae_shop_window_shopping, guppyfry_early_lair_pool
D:3:      layout_basic, serial_co_window_serial, co_window_corner_a,
          co_window_paths_b, co_window_paths_b, co_window_corner_a,
          co_window_paths_b, co_window_cross_1, co_window_paths_b,
          co_window_of_opportunity_c, co_window_broadway_c, co_window_paths_c,
          co_window_broadway_a, co_window_corner_b, co_window_of_opportunity_c,
          co_window_2corner, co_window_paths_e, glass_columns_c,
          glass_columns_c, glass_columns_b, glass_columns_a, glass_columns_a
D:4:      layout_loops_ring, gup_sewer_entry_pipe, serial_shops,
          kennysheep_little_box, st_stairs_13, uniq_pikel

Skill      XL: |  1  2  3  4  5 |
---------------+----------------+-----
Ice Magic      | 5 6 |  6.7
Spellcasting   | 3 4 |  4.3
Dodging        | 3 |  3.0
Fighting       | |  0.2
Stealth        | |  2.7

Action                   |  1- 3 |  4- 6 || total
-------------------------+-------+-------++-------
Melee: Unarmed           |     2 |     5 ||     7
 Cast: Freeze            |    38 |   134 ||   172
       Frozen Ramparts   |       |    14 ||    14
       Ozocubu's Armour  |       |     1 ||     1
  Use: Scroll            |       |     3 ||     3
       Potion            |       |     1 ||     1
Armor: Robe              |     8 |    35 ||    43
Dodge: Dodged            |    17 |    84 ||   101

Table legend: (Time is in decaauts)
 A = Elapsed time spent in this place.
 B = Non-inter-level travel time spent in this place.
 C = Inter-level travel time spent in this place.
 D = Time resting spent in this place.
 E = Time spent auto-exploring this place.
 F = Levels seen in this place.
 G = Mean time per level.
                   A        B        C        D        E       F      G
               +--------+--------+--------+--------+--------+-----+--------+
         Total |   4597 |   4503 |     94 |    243 |   3504 |   5 |  919.4 |
       Dungeon |   3852 |   3758 |     94 |    197 |   3038 |   4 |  963.0 |
         Sewer |    745 |    745 |      0 |     46 |    465 |   1 |  745.0 |
               +--------+--------+--------+--------+--------+-----+--------+

Top non-repeatable levels by time:
     D:3: 1555 daAuts
     D:2: 1115 daAuts
     D:1: 983 daAuts
   Sewer: 745 daAuts
     D:4: 198 daAuts
